Map: Lerilak Crest

Players

DiYBISCUITS

  • Race: Terran Terran
  • League: Grandmaster

SticklerMac - Winner!

  • Race: Zerg Zerg
  • League: Grandmaster

VOD

Have the link to the VOD?

Description

Time

  • Played on: June 17, 2015, 12:57 a.m.
  • Length: 7:43
Show
View Real Time Build Order
Export as new Build Order

DiYBISCUITS Terran 

Build Orders: Command Center First (CC), Mech 

Get SALT Encoding   

  12  0:03  SCV  
  13  0:15  SCV  
  14  0:21  Supply Depot  
  14  0:27  SCV  
  15  0:43  SCV  
  16  0:55  SCV  
  17  1:07  SCV  
  17  1:10  Command Center  
  18  1:15  Refinery  
  18  1:19  SCV  
  19  1:31  SCV, Barracks  
  20  1:43  SCV  
  21  1:52  Refinery  
  21  1:55  SCV  
  22  2:07  SCV  
  23  2:22  Orbital Command  
  23  2:23  Factory  
  23  2:24  Orbital Command  
  23  2:39  Barracks Reactor  
  23  2:44  Engineering Bay  
  23  2:48  SCV  
  23  3:00  SCV  
  23  3:04  Engineering Bay  
  22  3:07  Hellion  
  23  3:12  SCV  
  23  3:16  Marine x2  
  25  3:20  SCV  
  25  3:24  SCV  
  27  3:28  Hellion  
  27  3:33  Marine  
  21  4:01  Supply Depot  
  21  4:05  SCV  
  22  4:14  SCV  
  22  4:17  SCV  
  23  4:37  SCV x2  
  25  4:47  Hellion x2  
  25  4:49  SCV x2  
  31  4:56  Factory  
  31  5:01  SCV x2  
  33  5:08  Hellion x2  
  33  5:13  SCV  
  38  5:25  Supply Depot  
  38  5:39  Starport  
  38  5:40  Factory  
  38  5:45  Supply Depot x2  
  38  5:46  SCV  
  38  5:47  Hellion x2  
  44  5:52  Orbital Command  
  43  5:59  SCV  
  43  6:01  Factory Tech Lab  
  44  6:11  SCV  
  45  6:13  Widow Mine  
  45  6:14  Hellion, Marine  
  45  6:17  Refinery  
  50  6:22  Supply Depot  
  50  6:26  Siege Tank  
  50  6:29  Starport Tech Lab  
  50  6:31  Factory Tech Lab  
  53  6:33  SCV x2  
  54  6:50  Widow Mine  
  54  6:51  Widow Mine  
  54  6:52  Banshee  
Show
View Real Time Build Order
Export as new Build Order

SticklerMac Zerg - Winner!

Build Orders: Pool First 

Get SALT Encoding   

  12  0:01  Drone  
  13  0:08  Drone  
  13  0:13  Extractor  
  13  0:15  Drone  
  14  0:33  Spawning Pool  
  13  0:36  Drone  
  14  0:45  Overlord  
  14  1:03  Drone x3  
  17  1:19  Metabolic Boost  
  17  1:23  Queen  
  19  1:28  Zergling x2  
  20  1:36  Overlord  
  20  1:39  Zergling x2  
  21  1:48  Zergling x2  
  22  2:06  Zergling x2  
  23  2:14  Drone, Baneling Nest  
  23  2:20  Zergling x2  
  24  2:30  Drone  
  24  2:32  Hatchery  
  24  2:35  Zergling x2  
  25  2:45  Zergling x4  
  27  2:54  Zergling x2  
  27  2:55  Zergling x2  
  28  3:11  Zergling x2  
  29  3:26  Overlord x2  
  29  3:27  Overlord  
  28  3:37  Zergling x2  
  28  3:38  Zergling x2  
  26  3:47  Zergling x4  
  26  3:48  Zergling x6  
  27  3:59  Roach Warren  
  27  4:00  Drone  
  26  4:10  Drone x2  
  26  4:11  Drone  
  29  4:17  Drone  
  29  4:21  Drone  
  31  4:30  Queen  
  33  4:40  Roach x2  
  33  4:43  Roach  
  39  4:48  Roach  
  41  4:53  Roach  
  43  5:02  Drone x4  
  43  5:04  Drone  
  48  5:11  Drone x2  
  48  5:13  Drone  
  51  5:17  Drone  
  51  5:19  Drone  
  53  5:24  Overlord  
  53  5:29  Overlord  
  53  5:35  Drone x3  
  56  5:39  Overlord  
  56  5:44  Roach  
  56  5:45  Roach  
  56  5:48  Roach  
  62  5:50  Roach  
  62  5:53  Roach  
  66  6:01  Roach  
  66  6:02  Roach x2  
  72  6:05  Overlord  
  72  6:08  Overlord  
  72  6:11  Overlord  
  72  6:20  Roach  
  72  6:21  Roach  
  77  6:25  Roach  
  77  6:26  Roach x3  
  77  6:31  Roach x2  
  87  6:38  Lair  
  87  6:39  Roach  
  89  6:52  Roach x3  
  89  6:53  Roach x2  
  89  7:17  Roach  
  89  7:18  Roach x3  
  89  7:19  Roach  
Tags
 
Add a new tag
Caveats
  • Supply blocks, unpowered buildings, or Contaminate may cause inaccurate times.
  • Supply counts are checked every 10 seconds.